 Dungeon Crawl Stone Soup version 0.30-a0-986-g7f2e898f52 (webtiles) character file.

Game seed: 10591108171479768350

220285 LobsterGuardian the Necromancer (level 18, -2/142 HPs)
             Began as a Demonspawn Necromancer on Apr 1, 2023.
             Was a High Priest of Sif Muna.
             Slain by a demonic crawler (25 damage)
             ... on level 3 of the Spider Nest on Apr 2, 2023.
             The game lasted 03:13:08 (31092 turns).

LobsterGuardian the Necromancer (DsNe)             Turns: 31092, Time: 03:13:10

Health: -2/142     AC: 20    Str:  8    XL:     18   Next: 47%
Magic:  0/42       EV: 14    Int: 31    God:    Sif Muna [*****.]
Gold:   2307       SH:  0    Dex: 15    Spells: 4/49 levels left

rFire   . . .      SeeInvis .    (no weapon)
rCold   + . .      Faith    .    b - orb {light}
rNeg    . . .      Spirit   +    F - +6 leather armour "Feajumad" {rElec rCorr}
rPois   +          Reflect  .    D - +1 hat {Will+}
rElec   +          Rampage  .    K - +2 cloak
rCorr   +          Harm     + .  (gloves unavailable)
Will    ++...                    w - +2 pair of boots
Stlth   +                        j - amulet "Liewiyga" {Acrobat Harm Regen+}
HPRegen 1.23/turn                y - +6 ring of intelligence
MPRegen 0.56/turn                Y - ring "Nusetual" {rPois rC+ Str-2 Int+3}

@: death channelling, animating dead, slowed, glowing, very slow
A: claws 3, slimy green scales 2, demonic guardian 3, magic shield, magic
regeneration, corrupting presence 2, high MP 1
}: 1/15 runes: decaying
a: Renounce Religion, Channel Magic, Forget Spell, Divine Exegesis


You were on level 3 of the Spider Nest.
You worshipped Sif Muna.
Sif Muna was extremely pleased with you.
You visited 5 branches of the dungeon, and saw 29 of its levels.
You also visited: Gauntlet.

You collected 2807 gold pieces.
You spent 500 gold pieces at shops.

Inventory:

Hand Weapons
 X - a +2 dagger of pain
Armour
 b - an orb of light (worn)
 w - a +2 pair of boots (worn)
 D - a +1 hat of willpower (worn)
 F - the +6 leather armour "Feajumad" (worn) {rElec rCorr}
   (You found it on level 8 of the Dungeon)

   rElec:     It insulates you from electricity.
   rCorr:     It protects you from acid and corrosion.
 K - a +2 cloak (worn)
Jewellery
 i - a ring of poison resistance
 j - the amulet "Liewiyga" (around neck) {Acrobat Harm Regen+}
   (You acquired it on level 6 of the Dungeon)

   [amulet of the acrobat]

   It increases your evasion while moving and waiting.
   Regen:     It increases your rate of health regeneration.
   Harm:      It increases damage dealt and taken.
 n - a ring of willpower
 y - a +6 ring of intelligence (left claw)
 E - a +4 ring of protection
 P - a ring of positive energy
 R - a ring of see invisible
 U - a ring of willpower
 V - a +6 ring of intelligence
 Y - the ring "Nusetual" (right claw) {rPois rC+ Str-2 Int+3}
   (You found it in a Gauntlet)

   [ring of poison resistance]

   Str:       It affects your strength (-2).
   Int:       It affects your intelligence (+3).
   rC:        It protects you from cold.
   rPois:     It protects you from poison.
Wands
 x - a wand of mindburst (24)
 C - a wand of polymorph (8)
 G - a wand of iceblast (23)
 I - a wand of light (10)
 J - a wand of flame (13)
 L - a wand of digging (25)
 M - a wand of charming (21)
Scrolls
 d - 8 scrolls of teleportation
 g - 4 scrolls of fog
 h - 11 scrolls of vulnerability
 k - a scroll of brand weapon
 l - 6 scrolls of immolation
 o - 7 scrolls of poison
 q - 12 scrolls of identify
 t - a scroll of summoning
 u - 6 scrolls of blinking
 v - 3 scrolls of fear
 B - 6 scrolls of enchant weapon
 O - 3 scrolls of magic mapping
 T - 2 scrolls of silence
Potions
 a - 2 potions of flight
 c - a potion of magic
 e - 5 potions of lignification
 m - 12 potions of curing
 p - 5 potions of heal wounds
 s - 2 potions of cancellation
 z - 5 potions of mutation
 A - 4 potions of attraction
 H - 2 potions of invisibility
 N - 10 potions of ambrosia
 Q - 2 potions of brilliance
 S - a potion of might
 W - a potion of haste


   Skills:
 + Level 12.8 Fighting
 + Level 4.0 Short Blades
 + Level 4.9 Armour
 + Level 7.2 Dodging
 - Level 1.7 Stealth
 + Level 0.1 Shields
 - Level 0.3 Unarmed Combat
 + Level 16.3 Spellcasting
 + Level 4.1 Conjurations
 + Level 2.3 Hexes
 + Level 4.6 Summonings
 * Level 18.2 Necromancy
 + Level 1.5 Ice Magic
 + Level 4.1 Earth Magic
 * Level 16.8 Invocations


You had 4 spell levels left.
You knew the following spells:

 Your Spells              Type           Power      Damage    Failure   Level
a - Necrotise             Necr           100%       1d9       0%          1
b - Infestation           Necr           47%        N/A       9%          8
c - Vampiric Draining     Necr           95%        2d12      0%          3
d - Animate Dead          Necr           95%        N/A       0%          4
e - Agony                 Necr           95%        N/A       1%          5
h - Stone Arrow           Conj/Erth      100%       3d13      1%          3
i - Anguish               Hex/Necr       36%        N/A       1%          4
j - Death Channel         Necr           47%        N/A       1%          6
l - Borgnjor's Vile Clut  Necr/Erth      38%        N/A       1%          5
m - Simulacrum            Ice/Necr       36%        N/A       6%          6

Your spell library contained the following spells:

 Spells                   Type           Power      Damage    Failure   Level
 Sublimation of Blood     Necr           95%        N/A       0%          2
 Kiss of Death            Conj/Necr      100%       2d13      1%          1
 Sandblast                Erth           100%       2d20      1%          1
 Shock                    Conj/Air       100%       1d9       1%          1
 Slow                     Hex            100%       N/A       1%          1
 Summon Small Mammal      Summ           100%       N/A       1%          1
 Cigotuvi's Dreadful Rot  Necr/Pois/Air  100%       N/A       1%          2
 Ensorcelled Hibernation  Hex/Ice        74%        N/A       1%          2
 Momentum Strike          Conj/Tloc      76%        3d10      1%          2
 Passwall                 Tmut/Erth      31%        N/A       1%          2
 Searing Ray              Conj           100%       2d8       1%          2
 Call Canine Familiar     Summ           53%        N/A       1%          3
 Dazzling Flash           Conj/Hex       90%        N/A       1%          3
 Summon Guardian Golem    Hex/Summ       47%        N/A       1%          3
 Apportation              Tloc           50%        N/A       2%          1
 Sting                    Tmut/Pois      100%       1d8       2%          1
 Lesser Beckoning         Tloc           50%        N/A       3%          2
 Frozen Ramparts          Ice            68%        1d11      3%          3
 Ozocubu's Armour         Ice            34%        N/A       3%          3
 Animate Armour           Summ/Erth      100%       N/A       3%          4
 Inner Flame              Hex/Fire       32%        N/A       4%          3
 Mephitic Cloud           Conj/Pois/Air  33%        N/A       4%          3
 Portal Projectile        Hex/Tloc       64%        N/A       4%          3
 Fulminant Prism          Conj/Hex       22%        3d12      6%          4
 Leda's Liquefaction      Hex/Erth       22%        N/A       6%          4
 Summon Ice Beast         Ice/Summ       44%        N/A       6%          4
 Gell's Gravitas          Tloc           25%        N/A       7%          3
 Ignite Poison            Fire/Tmut/Pois 25%        N/A       7%          3
 Kindle Blastsparks       Fire/Tloc/Air  50%        2d14      7%          3
 Spider Form              Tmut/Pois      25%        N/A       7%          3
 Swiftness                Air            25%        N/A       7%          3
 Teleport Other           Tloc           25%        N/A       7%          3
 Vhi's Electric Charge    Tloc/Air       50%        N/A       7%          3
 Summon Lightning Spire   Summ/Air       39%        N/A       9%          4
 Ice Form                 Ice/Tmut       30%        N/A       17%         4
 Airstrike                Air            12%        2d(2-18)  22%         4
 Olgreb's Toxic Radiance  Pois           25%        N/A       22%         4
 Passage of Golubria      Tloc           25%        N/A       22%         4
 Iskenderun's Battlesphe  Conj           50%        2d10      12%         5
 Summon Mana Viper        Hex/Summ       47%        N/A       16%         5
 Haunt                    Necr/Summ      38%        N/A       19%         7
 Fireball                 Conj/Fire      19%        3d9       26%         5
 Irradiate                Conj/Tmut      19%        3d18      26%         5
 Metabolic Englaciation   Hex/Ice        18%        N/A       28%         5
 Freezing Cloud           Conj/Ice/Air   18%        6-21      30%         5
 Silence                  Hex/Air        16%        N/A       36%         5
 Yara's Violent Unravell  Hex/Tmut       16%        3d8       36%         5
 Blade Hands              Tmut           12%        N/A       54%         5
 Iron Shot                Conj/Erth      25%        9d5       54%         6
 Death's Door             Necr           47%        N/A       78%         9
 Conjure Ball Lightning   Conj/Air       19%        3x3d6     83%         6
 Statue Form              Tmut/Erth      25%        N/A       83%         6
 Dispersal                Tloc           12%        N/A       98%         6
 Eringya's Noxious Bog    Tmut/Pois      12%        N/A       98%         6
 Orb of Destruction       Conj           25%        9d9       98%         7
 Necromutation            Tmut/Necr      34%        N/A       98%         8
 Dragon Form              Tmut           12%        N/A       100%        7
 Lehudib's Crystal Spear  Conj/Erth      25%        10d7      100%        8
 Summon Horrible Things   Summ           26%        N/A       100%        8
 Chain Lightning          Conj/Air       19%        3d25      100%        9
 Dragon's Call            Summ           26%        N/A       100%        9
 Polar Vortex             Ice            17%        N/A       100%        9


Dungeon Overview and Level Annotations

Branches:
Dungeon (15/15)            Temple (0/1) D:7            Lair (5/5) D:11
  Swamp (4/4) Lair:3       Spider (3/4) Lair:2        Slime (0/5) Lair:4
    Orc (2/2) D:9             Elf (0/3) Orc:2        Vaults (0/5) D:14
 Depths (0/4) D:15        Gauntlet (visited)

Altars:
Ashenzari
Cheibriados
Dithmenos
Gozag
Hepliaklqana
Kikubaaqudgha
Makhleb
Nemelex Xobeh
Okawaru
Ru
Sif Muna
Trog
Xom
Jiyva

Shops:
D:8 !   D:9 (   D:12 *   D:15 [   Orc:2 :[*(


Innate Abilities, Weirdness & Mutations

You have claws for hands.
You are mostly covered in slimy green scales. (AC +3)
A powerful demonic guardian rushes to your aid.
When hurt, damage is shared between your health and your magic reserves.
You regenerate magic rapidly.
Your presence sometimes corrodes or deforms those you injure.
You have an increased reservoir of magic. (+10% MP)


Message History

The demonic crawler hits you but does no damage.
The tarantella misses you.
The death scarab waves its antennae.
The culicivora barely misses you.
The jumping spider leaps!
The demonic crawler hits you! The demonic crawler hits you.
The demonic crawler hits you but does no damage.
The moth of wrath bites you! The tarantella closely misses you.
The death scarab bites you. The death scarab drains your vigour!
You feel as though you will be slow longer.
The death scarab draws strength from your injuries!
The culicivora bites you but does no damage.
The jumping spider leaps!
The jumping spider moves out of view.
Unknown command.
Casting: Vampiric Draining (safe; 0% risk of failure)
Confirm with . or Enter, or press ? or * to list all spells.
Aiming: Vampiric Draining (safe; 0% risk of failure)
Press: ? - help, Shift-Dir - straight line, f/p - moth of wrath
Aim: a moth of wrath (almost dead, haloed)
You draw life force from the moth of wrath!
You kill the moth of wrath!
Sif Muna accepts your kill.
You feel life coursing into your body.
The dead are flying!
A glowing mist starts to gather...
The death scarab bites you!
The death scarab draws strength from your injuries!
The demonic crawler hits you but does no damage. x3
The tarantella closely misses you.
The demonic crawler hits you but does no damage.
The demonic crawler hits you!
* * * LOW HITPOINT WARNING * * *
The demonic crawler hits you!
* * * LOW HITPOINT WARNING * * *
A demonic guardian appears!
The tarantella touches you but does no damage.
You feel you are being watched by something.
You feel your power leaking away.
The culicivora bites you but does no damage.
The demonic crawler hits you.
* * * LOW HITPOINT WARNING * * *
The demonic crawler hits you!!
You die...

#. #######.#
#.#^....##
### ........
....##.....##
.......s....#
....B.sssZ..#
#...@....#
#..2.Z.s....
#..^......°.
#.^.°.....##
##.......##
#####...#
####


You could see a demonic crawler (berserk), a culicivora, a jumping spider (ally
target), a death scarab (ally target), a tarantella (berserk, ally target), a
redback, a friendly reaper (summoned), a friendly spectral moth of wrath and a
friendly moth of wrath zombie.

Vanquished Creatures
  the Lernaean hydra (Swamp:4)
  Rupert (Orc:2)
  A fenstrider witch (Swamp:1)
  A quicksilver ooze (Lair:4)
  4 eleionomae
  A spark wasp (Spider:2)
  A dire elephant (Lair:5)
  6 bunyips
  2 entropy weavers (Spider:2)
  3 vault guards (D:14)
  5 hydras
  A boulder beetle (Lair:2)
  3 two-headed ogres
  4 alligators
  A death knight (D:15)
  A radroach (Spider:1)
  3 centaur warriors
  A death yak (Lair:5)
  Nergalle (D:11)
  2 orc high priests (Orc:2)
  2 skeletal warriors (D:14)
  A glowing orange brain (shapeshifter) (D:15)
  4 swamp dragons
  3 wizards
  2 spriggan druids
  An obsidian statue (Lair:5)
  2 bog bodies
  4 necromancers (Lair:5)
  An oklob plant (D:11)
  3 orc knights (Orc:2)
  2 deep elf pyromancers (D:15)
  A phantasmal warrior (D:15)
  2 wolf spiders
  3 orc sorcerers
  A will-o-the-wisp (Swamp:1)
  A salamander (D:15)
  3 manticores
  4 cyclopes
  7 elephants
  A moth of wrath (Spider:3)
  Maurice (D:9)
  2 torpor snails
  4 black mambas
  2 demonic crawlers (Spider:2)
  8 cane toads
  A rime drake (Lair:5)
  3 unseen horrors
  9 komodo dragons
  2 kobold demonologists (D:12)
  A freezing wraith (D:14)
  2 tengu conjurers
  6 trolls
  A meliai (Spider:1)
  A polar bear (Lair:2)
  3 hornets
  A tyrant leech (Swamp:1)
  11 blink frogs
  4 tarantellas
  7 culicivoras
  7 dream sheep
  3 spriggans
  7 jumping spiders
  2 wyverns
  8 slime creatures
  4 wraiths
  21 yaks
  A shadow (D:14)
  3 basilisks
  3 vampire mosquitoes
  2 steam dragons
  5 redbacks
  A spectral cane toad (Lair:5)
  6 swamp worms
  5 wargs
  5 water moccasins
  20 orc warriors
  2 black bears
  4 swamp drakes
  An elephant zombie (Lair:5)
  3 ogres
  5 centaurs
  2 phantoms
  4 bullfrogs
  3 kobold brigands
  A gnoll sergeant (D:12)
  2 scorpions
  A wight (D:7)
  2 cane toad simulacra (Lair:5)
  33 killer bees
  2 howler monkeys
  An electric eel (Spider:2)
  6 jellies
  8 orc priests
  4 gnoll boudas
  An iron imp (D:4)
  Crazy Yiuf (D:2)
  5 iguanas
  12 orc wizards
  27 gnolls
  9 adders
  2 shadow imps
  3 white imps
  An ufetubus (D:4)
  A worm (D:2)
  4 dart slugs
  35 orcs
  2 ball pythons
  6 bats
  7 endoplasms
  8 giant cockroaches
  10 goblins
  8 hobgoblins
  7 jackals
  25 kobolds
  5 quokkas
  5 frilled lizards
  4 rats
  A briar patch (Swamp:4)
536 creatures vanquished.

Vanquished Creatures (collateral kills)
  Bai Suzhen (Swamp:4)
  Saint Roka (Orc:2)
  Mlioglotl (Swamp:1)
  Kirke (Swamp:1)
  2 fenstrider witches
  2 emperor scorpions
  Louise (Swamp:2)
  A ghost moth (Spider:2)
  5 eleionomae
  2 dire elephants (Lair:5)
  A spark wasp (Spider:2)
  7 bunyips
  The ghost of jasper the Destroyer, a journeyman DgCj (Orc:2)
  A shambling mangrove (Swamp:4)
  Josephine (Orc:2)
  A vault guard (D:14)
  3 ghost crabs
  4 centaur warriors
  6 hydras
  A radroach (Spider:1)
  8 alligators
  2 death yaks (Lair:5)
  2 tengu warriors
  A skyshark (Lair:3)
  3 spriggans
  3 skeletal warriors
  A spriggan druid (Swamp:1)
  A spectral anaconda (Lair:5)
  An orb spider (Spider:1)
  A goliath frog (Swamp:4)
  2 bog bodies
  A phantasmal warrior (D:15)
  8 swamp dragons
  2 orc knights
  A lindwurm (Lair:2)
  4 wolf spiders
  A steelbarb worm (Spider:2)
  3 ugly things
  4 will-o-the-wisps
  An orc sorcerer (Orc:2)
  2 cyclopes (D:14)
  2 manticores
  8 elephants
  A black mamba (Lair:1)
  A demonic crawler (Spider:1)
  10 slime creatures
  2 torpor snails
  A redback zombie (Spider:2)
  3 komodo dragons
  A freezing wraith (D:15)
  A meliai (Spider:1)
  2 trolls (D:11)
  5 hornets
  A queen bee (D:11)
  5 tyrant leeches
  A wind drake (shapeshifter) (D:14)
  A blink frog (Lair:1)
  6 tarantellas
  A raiju (Gauntlet)
  10 culicivoras
  17 jumping spiders
  2 wraiths
  A vampire (D:11)
  8 yaks
  A wyvern (Lair:2)
  14 redbacks
  A death yak simulacrum (Lair:5)
  9 vampire mosquitoes
  6 swamp worms
  2 acid dragons (D:11)
  2 water moccasins (Lair:1)
  2 orc warriors (Orc:2)
  A black bear (D:6)
  4 swamp drakes (Swamp:4)
  2 elephant zombies (Lair:5)
  An ogre (Orc:2)
  4 wolves (Lair:3)
  7 centaurs
  A kobold brigand (D:11)
  2 bullfrogs
  A gnoll sergeant (D:8)
  7 wights
  4 killer bees
  2 electric eels
  A hound (D:4)
  A jelly (Lair:4)
  4 orc priests
  An iguana (D:6)
  6 orc wizards
  9 gnolls
  2 shadow imps
  3 white imps (Gauntlet)
  18 orcs
  A goblin (D:4)
  A hobgoblin (D:2)
  A jackal (D:2)
  7 kobolds
  A frilled lizard (D:3)
  A rat (D:3)
  2 butterflies
317 creatures vanquished.

Vanquished Creatures (others)
  A thorn hunter (Swamp:4)
  An emperor scorpion (Spider:1)
  A broodmother (Spider:1)
  Nessos (Lair:4)
  A hydra (Lair:3)
  2 centaur warriors
  A bunyip zombie (Swamp:1)
  An orb spider (Spider:1)
  A goliath frog (Swamp:1)
  A wolf spider zombie (Spider:2)
  An eleionoma zombie (Swamp:4)
  An elephant (Lair:3)
  2 death yak zombies (Lair:5)
  2 cane toads
  A demonic crawler (Spider:1)
  A swamp worm zombie (Swamp:4)
  A steelbarb worm zombie (Spider:2)
  5 redback zombies
  A hydra zombie (Swamp:4)
  A troll (Orc:2)
  2 hornets
  2 human zombies (D:14)
  A meliai (Spider:1)
  3 bloated husks (Swamp:2)
  A tarantella zombie (Spider:1)
  3 jumping spider zombies
  A meliai zombie (Spider:1)
  An alligator zombie (Swamp:4)
  A slime creature (D:14)
  A jumping spider (Spider:1)
  A yak (Lair:1)
  A human (Swamp:1)
  A tyrant leech zombie (Swamp:1)
  2 hogs (Swamp:1)
  4 slime creature zombies
  A redback (Spider:1)
  A cane toad zombie (Lair:2)
  4 hornet zombies
  2 orc warriors
  A manticore zombie (D:14)
  A dream sheep zombie (D:7)
  A swamp dragon zombie (Swamp:4)
  A centaur (D:15)
  A torpor snail zombie (Lair:5)
  3 vampire mosquito zombies (Swamp:2)
  A wyvern zombie (Lair:2)
  A gnoll sergeant (D:12)
  2 spriggan zombies
  A tengu zombie (D:14)
  A troll zombie (D:11)
  4 yak zombies
  12 centaur zombies
  An orc priest (Orc:2)
  2 orc wizards (Orc:2)
  A killer bee zombie (D:10)
  An ogre zombie (Orc:2)
  An acid dragon zombie (D:11)
  2 howler monkey zombies
  A gnoll (D:12)
  A steam dragon zombie (Gauntlet)
  A swamp drake zombie (Swamp:4)
  3 orcs
  2 gnoll zombies
  A goblin zombie (D:4)
  9 kobold zombies
  28 orc zombies
  26 foxfires
  25 fungi
  58 plants
  23 withered plants (Lair:5)
276 creatures vanquished.

Grand Total: 1129 creatures vanquished

Notes
Turn   | Place    | Note
-------+----------+-------------------------------------------
     0 | D:1      | LobsterGuardian the Demonspawn Necromancer began the quest
                  | for the Orb.
     0 | D:1      | Reached XP level 1. HP: 13/13 MP: 3/3
   183 | D:1      | Gained mutation: A weak demonic guardian rushes to your
                  | aid. [demonic ancestry]
   183 | D:1      | Reached XP level 2. HP: 19/19 MP: 1/5
   863 | D:1      | Learned a level 1 spell: Summon Small Mammal
   974 | D:1      | Gained mutation: You have sharp fingernails. [demonic
                  | ancestry]
   974 | D:1      | Reached XP level 3. HP: 25/25 MP: 4/6
  1385 | D:2      | Reached skill level 5 in Necromancy
  1488 | D:2      | Reached skill level 1 in Fighting
  1911 | D:2      | Gained mutation: You regenerate magic rapidly. [demonic
                  | ancestry]
  1911 | D:2      | Reached XP level 4. HP: 29/32 MP: 3/7
  2284 | D:2      | Found a runed translucent door.
  2285 | D:2      | Noticed Crazy Yiuf
  2589 | D:2      | Learned a level 3 spell: Vampiric Draining
  2608 | D:2      | Killed Crazy Yiuf
  2646 | D:2      | Gained mutation: You are weak. (Str -2) [potion of
                  | mutation]
  2646 | D:2      | Gained mutation: You are occasionally teleported next to
                  | monsters. [potion of mutation]
  2646 | D:2      | Gained mutation: You have hidden genetic potential. [potion
                  | of mutation]
  2837 | D:3      | Gained mutation: A demonic guardian rushes to your aid.
                  | [demonic ancestry]
  2837 | D:3      | Reached XP level 5. HP: 6/38 MP: 0/9
  2857 | D:3      | Gained mutation: You possess an exceptional clarity of
                  | mind. [hidden potential]
  2860 | D:3      | Reached skill level 1 in Summonings
  3143 | D:3      | Learned a level 4 spell: Animate Dead
  3620 | D:4      | Found a shimmering blue altar of Sif Muna.
  3644 | D:4      | Found a snail-covered altar of Cheibriados.
  3660 | D:4      | Became a worshipper of Sif Muna the Loreminder
  3704 | D:4      | Reached skill level 6 in Necromancy
  3718 | D:4      | Reached XP level 6. HP: 35/44 MP: 5/11
  3812 | D:4      | Found a sparkling altar of Nemelex Xobeh.
  4161 | D:4      | Noticed a steam dragon
  4175 | D:4      | Killed a steam dragon
  4176 | D:4      | Gained mutation: You have very sharp fingernails. [demonic
                  | ancestry]
  4176 | D:4      | Reached XP level 7. HP: 43/52 MP: 0/13
  4194 | D:4      | Learned a level 5 spell: Agony
  4659 | D:4      | Found a shimmering blue altar of Sif Muna.
  4662 | D:4      | Found a shimmering altar of Xom.
  4664 | D:4      | Found an iron altar of Okawaru.
  4664 | D:4      | Found an iron altar of Okawaru.
  4664 | D:4      | Found a sacrificial altar of Ru.
  4707 | D:5      | Entered Level 5 of the Dungeon
  4715 | D:5      | Reached skill level 1 in Short Blades
  4715 | D:5      | Reached skill level 5 in Spellcasting
  4715 | D:5      | Reached skill level 1 in Invocations
  4717 | D:5      | Reached * piety under Sif Muna
  5248 | D:5      | Reached skill level 7 in Necromancy
  5248 | D:5      | Reached XP level 8. HP: 54/59 MP: 6/15
  5454 | D:5      | Found a burning altar of Makhleb.
  5692 | D:6      | Gained mutation: You have large cloven feet. [hidden
                  | potential]
  5692 | D:6      | Lost mutation: You have hidden genetic potential. [hidden
                  | potential expressed]
  5867 | D:6      | Found a hazy altar of Hepliaklqana.
  6299 | D:6      | Lost mutation: You are occasionally teleported next to
                  | monsters. [potion of mutation]
  6299 | D:6      | Lost mutation: You have large cloven feet. [potion of
                  | mutation]
  6299 | D:6      | Gained mutation: You are frail. (-10% HP) [potion of
                  | mutation]
  6299 | D:6      | Lost mutation: You are weak. (Str -2) [potion of mutation]
  7156 | D:6      | Identified a scroll of acquirement
  7156 | D:6      | Acquired the amulet "Liewiyga" {Acrobat Harm Regen+}
  7207 | D:7      | Reached skill level 5 in Invocations
  7207 | D:7      | Gained mutation: You are partially covered in slimy green
                  | scales. (AC +2) [demonic ancestry]
  7207 | D:7      | Reached XP level 9. HP: 56/59 MP: 13/18
  7304 | D:7      | Reached skill level 8 in Necromancy
  7413 | D:7      | Reached skill level 5 in Fighting
  7641 | D:7      | Found a staircase to the Ecumenical Temple.
  7868 | D:7      | Reached ** piety under Sif Muna
  7907 | D:7      | Found a bloodstained altar of Trog.
  8077 | D:7      | Learned a level 3 spell: Call Canine Familiar
  8081 | D:7      | Learned a level 3 spell: Teleport Other
  8107 | D:8      | Found Osed's Distillery.
  8206 | D:8      | Bought a potion of mutation for 104 gold pieces
  8207 | D:8      | Lost mutation: You are frail. (-10% HP) [potion of
                  | mutation]
  8207 | D:8      | Lost mutation: You possess an exceptional clarity of mind.
                  | [potion of mutation]
  8207 | D:8      | Gained mutation: You have an increased reservoir of magic.
                  | (+10% MP) [potion of mutation]
  8379 | D:8      | Identified the +6 leather armour "Feajumad" {rElec rCorr}
  8755 | D:9      | Reached skill level 9 in Necromancy
  8755 | D:9      | Gained mutation: A powerful demonic guardian rushes to your
                  | aid. [demonic ancestry]
  8755 | D:9      | Reached XP level 10. HP: 76/76 MP: 16/23
  8865 | D:9      | Reached *** piety under Sif Muna
  8975 | D:9      | Noticed a two-headed ogre
  8986 | D:9      | Killed a two-headed ogre
  9023 | D:9      | Found Isiprim's Weapon Shop.
  9124 | D:9      | Found a staircase to the Orcish Mines.
  9124 | D:9      | Found Zuamyow's Weapon Boutique.
  9154 | D:9      | Noticed Maurice
  9161 | D:9      | Killed Maurice
  9162 | D:9      | Reached skill level 1 in Armour
  9207 | D:9      | Found a broken altar of Ashenzari.
  9530 | D:10     | Entered Level 10 of the Dungeon
  9814 | D:10     | Reached skill level 10 in Necromancy
 10140 | D:10     | Found an ancient bone altar of Kikubaaqudgha.
 10806 | D:11     | Reached XP level 11. HP: 73/84 MP: 23/26
 10961 | D:11     | Noticed a white ugly thing
 10971 | D:11     | Killed a white ugly thing
 11077 | D:11     | Reached **** piety under Sif Muna
 11093 | D:11     | Noticed an oklob plant
 11095 | D:11     | Found a staircase to the Lair.
 11105 | D:11     | Killed an oklob plant
 11193 | D:11     | Noticed Nergalle
 11194 | D:11     | Noticed a two-headed ogre
 11205 | D:11     | Killed a two-headed ogre
 11206 | D:11     | Killed Nergalle
 11215 | D:11     | Learned a level 3 spell: Stone Arrow
 11277 | D:11     | Reached skill level 11 in Necromancy
 11317 | D:11     | Got the Essays on Battle Magic
 11462 | D:11     | Reached skill level 10 in Spellcasting
 11703 | D:12     | Learned a level 4 spell: Anguish
 11752 | D:12     | Found Egean's General Store.
 11812 | D:12     | Noticed a purple ugly thing
 11822 | D:12     | Killed a purple ugly thing
 11998 | D:12     | Reached XP level 12. HP: 93/94 MP: 1/28
 12203 | D:12     | Reached ***** piety under Sif Muna
 12203 | D:12     | Received a gift from Sif Muna
 12217 | D:12     | Got Sif Muna's Compendium of Vitriolic Imprecation {god
                  | gift}
 12318 | D:12     | HP: 3/94 [very large slime creature (68)]
 12575 | D:12     | Reached skill level 10 in Invocations
 12823 | D:13     | Noticed a centaur warrior
 12829 | D:13     | Killed a centaur warrior
 12845 | D:13     | Noticed a two-headed ogre
 12852 | D:13     | Killed a two-headed ogre
 12875 | D:13     | Noticed a centaur warrior
 12880 | D:13     | Killed a centaur warrior
 12885 | D:13     | Reached skill level 12 in Necromancy
 13475 | D:14     | Noticed a centaur warrior
 13487 | D:14     | Killed a centaur warrior
 13526 | D:14     | Noticed a centaur warrior
 13679 | Lair:1   | Entered Level 1 of the Lair of Beasts
 14368 | Lair:1   | Gained mutation: Your presence sometimes corrodes those you
                  | injure. [demonic ancestry]
 14368 | Lair:1   | Reached XP level 13. HP: 99/101 MP: 9/31
 14939 | Lair:2   | Found a hole to the Spider Nest.
 15090 | Lair:2   | Found a gate leading to a gauntlet.
 15126 | Gauntlet | Entered a Gauntlet
 15126 | Gauntlet | Found a transporter.
 15126 | Gauntlet | Found a transporter.
 15126 | Gauntlet | Found a transporter.
 15127 | Gauntlet | Found a transporter.
 15130 | Gauntlet | Found a transporter.
 15130 | Gauntlet | Found a transporter.
 15140 | Gauntlet | Found a transporter.
 15140 | Gauntlet | Found a transporter.
 15144 | Gauntlet | Found a transporter.
 15158 | Gauntlet | Found a transporter.
 15258 | Gauntlet | Found a transporter.
 15268 | Gauntlet | Found a transporter.
 15570 | Gauntlet | Reached skill level 10 in Fighting
 15628 | Gauntlet | Identified the +12 chain mail of Proximity {+Inv rF+++ rN++
                  | Str-2}
 15628 | Gauntlet | Noticed a minotaur
 15663 | Gauntlet | Identified the -2 tower shield of Life {Harm +Blink Dex+3}
 15665 | Gauntlet | Identified the ring "Nusetual" {rPois rC+ Str-2 Int+3}
 15873 | Lair:2   | You fall into a shaft and drop 2 floors!
 15922 | Lair:4   | Reached skill level 13 in Necromancy
 15942 | Lair:4   | Received a gift from Sif Muna
 15943 | Lair:4   | Got Sif Muna's Spellbook of the Mausoleum {god gift}
 15951 | Lair:4   | Learned a level 6 spell: Death Channel
 16056 | Lair:4   | Noticed a quicksilver ooze
 16438 | Lair:3   | HP: 5/103 [seven-headed hydra (6)]
 16610 | Lair:3   | Reached skill level 1 in Hexes
 16730 | Lair:3   | Reached skill level 5 in Dodging
 17811 | Lair:3   | Found a staircase to the Swamp.
 18445 | Lair:4   | Found a staircase to the Slime Pits.
 18445 | Lair:4   | Found a viscous altar of Jiyva.
 18631 | Lair:4   | Noticed Nessos
 18740 | Lair:4   | Killed Nessos
 18887 | Lair:4   | Killed a quicksilver ooze
 18888 | Lair:4   | Gained mutation: You are mostly covered in slimy green
                  | scales. (AC +3) [demonic ancestry]
 18888 | Lair:4   | Reached XP level 14. HP: 96/111 MP: 28/33
 18913 | Lair:4   | Received a gift from Sif Muna
 18914 | Lair:4   | Got Sif Muna's Almanac of Confrontation and the Glacier
                  | {god gift}
 19167 | Lair:5   | Entered Level 5 of the Lair of Beasts
 19647 | Lair:5   | Found an opulent altar of Gozag.
 19839 | Lair:5   | Reached skill level 1 in Conjurations
 19871 | Lair:5   | Reached skill level 14 in Necromancy
 19871 | Lair:5   | Reached skill level 1 in Earth Magic
 19967 | Lair:5   | Identified the +5 long sword of Wialadax {speed, rElec
                  | Will+ Int-4}
 21163 | D:13     | Learned a level 1 spell: Slow
 21185 | D:14     | Identified the +2 spear of Kyugyetiri {protect, rF- rCorr
                  | Int+3}
 21392 | D:14     | You fall into a shaft and drop 1 floor!
 21392 | D:15     | Entered Level 15 of the Dungeon
 21502 | D:14     | Found a shadowy altar of Dithmenos.
 21634 | D:14     | Found a gate to the Vaults.
 22015 | D:15     | Gained mutation: When hurt, damage is shared between your
                  | health and your magic reserves. [demonic ancestry]
 22015 | D:15     | Reached XP level 15. HP: 84/120 MP: 26/36
 22368 | D:15     | Received a gift from Sif Muna
 22369 | D:15     | Got Xoema's Omnibus of Combined Death {god gift}
 22376 | D:15     | Learned a level 5 spell: Borgnjor's Vile Clutch
 22433 | D:15     | Found a staircase to the Depths.
 22915 | D:15     | Found Maisough's Antique Armour Emporium.
 22919 | D:15     | Bought a glowing orb for 396 gold pieces
 23308 | Orc:1    | Entered Level 1 of the Orcish Mines
 23517 | Orc:1    | You fall into a shaft and drop 1 floor!
 23517 | Orc:2    | Entered Level 2 of the Orcish Mines
 23553 | Orc:2    | Reached skill level 15 in Necromancy
 23605 | Orc:2    | Found a staircase to the Elven Halls.
 23615 | Orc:2    | Found a large runed translucent door.
 23617 | Orc:2    | Found a large runed translucent door.
 23658 | Orc:2    | Noticed Josephine
 23666 | Orc:2    | Killed Josephine
 23729 | Orc:2    | Noticed Rupert
 23851 | Orc:2    | Noticed jasper's ghost (journeyman DgCj)
 23946 | Orc:2    | Noticed Saint Roka
 23967 | Orc:2    | Killed Saint Roka
 23980 | Orc:2    | Found Ithraz's Book Emporium.
 24020 | Orc:2    | Found Likenext's General Store.
 24029 | Orc:2    | Killed Rupert
 24162 | Orc:2    | Found Vuipoaj's Antique Weapon Emporium.
 24224 | Orc:2    | Found Zomy's Antique Armour Emporium.
 24969 | Orc:2    | Killed jasper's ghost
 24969 | Orc:2    | Received a gift from Sif Muna
 24970 | Orc:2    | Got Sif Muna's Atlas of the Bewitching Quake {god gift}
 25032 | Orc:2    | Identified the +1 flail of the Solstice {heavy, rElec rF+
                  | rC+ Dex+3}
 25184 | Spider:1 | Entered Level 1 of the Spider Nest
 25184 | Spider:1 | Noticed an emperor scorpion
 25187 | Spider:1 | Noticed an emperor scorpion
 25333 | Swamp:1  | Entered Level 1 of the Swamp
 25637 | Swamp:1  | Noticed Kirke
 25638 | Swamp:1  | Noticed a fenstrider witch
 25647 | Swamp:1  | Killed a fenstrider witch
 25647 | Swamp:1  | Killed Kirke
 25648 | Swamp:1  | Reached skill level 15 in Invocations
 25728 | Swamp:1  | Noticed Mlioglotl
 25737 | Swamp:1  | Killed Mlioglotl
 26197 | Swamp:2  | Reached skill level 15 in Spellcasting
 26226 | Swamp:2  | Noticed a fenstrider witch
 26232 | Swamp:2  | Killed a fenstrider witch
 26233 | Swamp:2  | Gained mutation: Your presence sometimes corrodes or
                  | deforms those you injure. [demonic ancestry]
 26233 | Swamp:2  | Reached XP level 16. HP: 129/129 MP: 29/38
 26431 | Swamp:2  | Noticed Louise
 26442 | Swamp:2  | Killed Louise
 26527 | Swamp:2  | Learned a level 6 spell: Simulacrum
 26798 | Swamp:2  | You fall into a shaft and drop 1 floor!
 26803 | Swamp:3  | Reached skill level 16 in Necromancy
 26811 | Swamp:3  | Received a gift from Sif Muna
 27652 | Swamp:4  | Entered Level 4 of the Swamp
 28031 | Swamp:4  | Identified the orb "Apoh" {mayhem, rF+}
 28053 | Swamp:4  | Noticed Bai Suzhen
 28059 | Swamp:4  | Paralysed by a fenstrider witch for 2 turns
 28072 | Swamp:4  | Killed Bai Suzhen
 28084 | Swamp:4  | Reached skill level 1 in Ice Magic
 28254 | Swamp:4  | Noticed a thorn hunter
 28261 | Swamp:4  | Killed a thorn hunter
 28262 | Swamp:4  | Reached skill level 17 in Necromancy
 28724 | Swamp:4  | Noticed the 27-headed Lernaean hydra
 28737 | Swamp:4  | Killed the 27-headed Lernaean hydra
 28883 | Swamp:4  | Gained mutation: You have claws for hands. [demonic
                  | ancestry]
 28883 | Swamp:4  | Reached XP level 17. HP: 135/135 MP: 28/40
 28963 | Swamp:4  | Got a decaying rune of Zot
 29583 | Spider:1 | Received a gift from Sif Muna
 29715 | Spider:1 | Got Sif Muna's Octavo of Metamorphic Ozone {god gift}
 29719 | Spider:1 | Identified the +1 scale mail "Kugov" {Str+6}
 29867 | Spider:1 | Learned a level 8 spell: Infestation
 30112 | Spider:2 | Reached skill level 18 in Necromancy
 30688 | Spider:2 | Received a gift from Sif Muna
 30701 | Spider:2 | Got Roqymyst's Codex of Septic Ouranomancy {god gift}
 30822 | Spider:2 | Reached XP level 18. HP: 142/142 MP: 40/42
 31092 | Spider:3 | Slain by a demonic crawler

Illustrated notes

Levels and vault maps discovered:
D:1:      lemuel_arrival_rhombus, layout_basic
D:2:      layout_basic, uniq_crazy_yiuf_cottage
D:3:      minmay_wonky_spiral, layout_basic
D:4:      minmay_evil_eye, layout_basic, mainiacjoe_overflow_tiny_flanked,
          doesnt_xom_only_xom, kennysheep_mini_moat, slow_altar_1
D:5:      layout_loops_ring, lightli_temple_of_fire,
          mainiacjoe_overflow_six_doors_small
D:6:      nicolae_whirlpool, layout_loops_ring, general_overflow_altar
D:7:      layout_basic, kennysheep_little_box, minmay_temple_entry_offerings,
          grunt_decor_clamped, dreamdust_gnoll_shepherd
D:8:      layout_cave_pools, serial_shops, shop
D:9:      layout_long_grid, lemuel_crystal_altar, orc_david_3, serial_shops,
          shop, serial_glass, glass_columns_a, glass_columns_b, uniq_maurice
D:10:     layout_loops_corners, kiku_gazebo_pond_becter,
          nicolae_tso_swordbearing_angel
D:11:     layout_cave_pools, dpeg_oklobed_lair, special_room [special_room_bee],
          uniq_nergalle
D:12:     layout_roguey, serial_shops, shop
D:13:     layout_basic
D:14:     layout_cave_pools, lightli_vaults_fourway_checkpoint,
          grunt_dithmenos_shadows
D:15:     hangedman_depths_entry_try_elsewhere_first, layout_basic,
          serial_shops, nicolae_shop_crystal, amcnicky_mini_pool_small
Lair:1:   layout_gridlike
Lair:2:   layout_regular_city, hellmonk_spider_entry_life_and_decay,
          gauntlet_entry_generic, grunt_megastairs_5
Lair:3:   layout_roguey, minmay_swamp_entry_worms, serial_bayou_pond_e,
          lemuel_fruit_fields
Lair:4:   layout_regular_city, slime_entry_1, hangedman_lair_unloving_vines,
          nicolae_lair_time_for_slime, uniq_nessos
Lair:5:   due_jungle_book, layout_small_grid, basic_altar
Swamp:1:  layout_basic_swamp, evilmike_swamp_ruin_house_5, uniq_kirke,
          uniq_mlioglotl
Swamp:2:  layout_basic_swamp, serial_swamp_ruin, evilmike_swamp_ruin_house_1,
          hangedman_swamp_ruin_hall, uniq_louise
Swamp:3:  layout_basic_swamp, evilmike_swamp_ruin_house_4,
          infiniplex_staircase_pool
Swamp:4:  swamp_old_school, layout_basic_swamp,
          nicolae_swamp_frolicking_bunyips, uniq_bai_suzhen
Spider:1: layout_spider_delve
Spider:2: layout_spider_delve
Spider:3: layout_cave_pods
Orc:1:    layout_diamond_mine, abandoned_shop, mines1_david
Orc:2:    grunt_orc_cross, layout_caves, ebering_ghost_disaster_area,
          mines1_david, uniq_josephine, uniq_rupert

Skill      XL: |  1  2  3  4  5  6  7  8  9 10 11 12 13 14 15 16 17 |
---------------+----------------------------------------------------+-----
Necromancy     | 5 6 7 9 10 11 12 13 14 15 17 18 | 18.2
Fighting       | 1 2 3 4 6 7 8 9 10 11 12 | 12.8
Dodging        | 2 3 4 5 6 7 |  7.2
Spellcasting   | 3 4 5 6 7 9 10 11 12 13 15 16 | 16.3
Summonings     | 1 2 3 4 |  4.6
Short Blades   | 1 2 3 4 |  4.0
Invocations    | 3 5 6 8 9 11 12 14 15 16 | 16.8
Armour         | 1 2 3 4 |  4.9
Hexes          | 1 2 |  2.3
Conjurations   | 1 2 3 4 |  4.1
Earth Magic    | 2 3 4 |  4.1
Ice Magic      | 1 |  1.5
Stealth        | |  1.7
Shields        | |  0.1
Unarmed Combat | |  0.3

Action                     |  1- 3 |  4- 6 |  7- 9 | 10-12 | 13-15 | 16-18 || total
---------------------------+-------+-------+-------+-------+-------+-------++-------
  Melee: Unarmed           |    31 |       |       |       |       |       ||    31
         Short sword       |    25 |    52 |   153 |    30 |    54 |       ||   314
         Punch             |       |       |     2 |     2 |       |       ||     4
         Dagger            |       |       |       |   115 |   157 |    58 ||   330
   Cast: Necrotise         |    80 |    84 |    94 |   114 |    85 |     5 ||   462
         Summon Small Mamm |       |    19 |    42 |    29 |    12 |       ||   102
         Vampiric Draining |       |    11 |    56 |   205 |   393 |    95 ||   760
         Animate Dead      |       |     2 |    10 |     9 |    23 |     7 ||    51
         Agony             |       |       |     6 |    11 |     2 |       ||    19
         Call Canine Famil |       |       |     5 |    22 |    14 |     1 ||    42
         Stone Arrow       |       |       |       |    11 |   110 |   101 ||   222
         Anguish           |       |       |       |    11 |    39 |     9 ||    59
         Death Channel     |       |       |       |       |    26 |    11 ||    37
         Teleport Other    |       |       |       |       |     1 |       ||     1
         Borgnjor's Vile C |       |       |       |       |    10 |    14 ||    24
         Simulacrum        |       |       |       |       |       |    19 ||    19
         Infestation       |       |       |       |       |       |     4 ||     4
 Invoke: Channel Magic     |       |       |       |       |     8 |     2 ||    10
         Forget Spell      |       |       |       |       |       |     1 ||     1
  Evoke: Wand              |       |       |       |     1 |     1 |       ||     2
    Use: Potion            |     3 |     3 |     4 |       |     8 |     3 ||    21
         Scroll            |     4 |     5 |     6 |     7 |     5 |     6 ||    33
   Stab: Distracted        |       |     1 |     1 |       |     5 |       ||     7
         Invisible         |       |       |     3 |       |       |       ||     3
         Sleeping          |       |       |     3 |     1 |     2 |       ||     6
 Armour: Robe              |    23 |    13 |     1 |       |       |       ||    37
         Steam dragon scal |       |       |    71 |       |       |       ||    71
         Leather armour    |       |       |     1 |   281 |   415 |   181 ||   878
  Dodge: Dodged            |    77 |    58 |   180 |   369 |   543 |   313 ||  1540
  Block: Buckler           |       |       |       |       |    58 |       ||    58

Table legend: (Time is in decaauts)
 A = Elapsed time spent in this place.
 B = Non-inter-level travel time spent in this place.
 C = Inter-level travel time spent in this place.
 D = Time resting spent in this place.
 E = Time spent auto-exploring this place.
 F = Levels seen in this place.
 G = Mean time per level.
                   A        B        C        D        E       F      G
               +--------+--------+--------+--------+--------+-----+--------+
         Total |  31310 |  28567 |   2743 |    450 |  22641 |  30 | 1043.7 |
       Dungeon |  16704 |  14929 |   1775 |    265 |  11783 |  15 | 1113.6 |
          Lair |   6697 |   6071 |    626 |    100 |   5001 |   5 | 1339.4 |
         Swamp |   4012 |   3854 |    158 |     83 |   3059 |   4 | 1003.0 |
   Spider Nest |   1538 |   1496 |     42 |      0 |   1181 |   3 |  512.7 |
  Orcish Mines |   1818 |   1678 |    140 |      0 |   1390 |   2 |  909.0 |
      Gauntlet |    540 |    540 |      0 |      2 |    226 |   1 |  540.0 |
               +--------+--------+--------+--------+--------+-----+--------+

Top non-repeatable levels by time:
  Lair:5: 1668 daAuts
     D:6: 1571 daAuts
    D:12: 1534 daAuts
 Swamp:4: 1506 daAuts
  Lair:4: 1495 daAuts
     D:1: 1381 daAuts
     D:2: 1318 daAuts
    D:15: 1300 daAuts
  Lair:1: 1247 daAuts
    D:10: 1180 daAuts
  Lair:2: 1151 daAuts
  Lair:3: 1134 daAuts
   Orc:2: 1115 daAuts
    D:11: 1080 daAuts
Spider:2: 1039 daAuts
